 Dungeon Crawl Stone Soup version 0.32-a0-306-gfed3edf829 (webtiles) character file.

Game seed: 15511108997269701606

3502 voltaire321 the Thaumaturge (level 9, -12/52 HPs)
             Began as a Deep Elf Earth Elementalist on Feb 14, 2024.
             Killed from afar by an acid dragon (28 damage)
             ... with a splash of acid
             ... on level 8 of the Dungeon.
             The game lasted 00:19:03 (6895 turns).

voltaire321 the Thaumaturge (DEEE)                  Turns: 6895, Time: 00:19:04

Health: -12/52     AC: 12    Str:  9    XL:     9   Next: 80%
Magic:  20/23      EV: 14    Int: 21    God:
Gold:   468        SH:  0    Dex: 15    Spells: 12/24 levels left

rFire   . . .        i - staff of earth
rCold   . . .        (no shield)
rNeg    . . .        c - +3 leather armour
rPois   +            j - +0 helmet
rElec   .            o - +2 cloak
rCorr   .            y - +0 pair of gloves
SInv    .            (no boots)
Will    .....        (no amulet)
Stlth   ++           w - ring of poison resistance
HPRegen 0.28/turn    l - ring of wizardry
MPRegen 0.18/turn

%: wizardry (x1)
@: no status effects
A: no striking features
a: no special abilities


You were on level 8 of the Dungeon.
You visited 2 branches of the dungeon, and saw 10 of its levels.
You also visited: Ossuary.

You collected 494 gold pieces.
You spent 26 gold pieces at shops.

Inventory:

Hand Weapons
 b - a +3 dagger of speed
 d - a +0 short sword of electrocution
 q - a +3 vampiric rapier
Armour
 c - a +3 leather armour (worn)
 j - a +0 helmet (worn)
 o - a +2 cloak (worn)
 y - a +0 pair of gloves (worn)
 H - a +0 kite shield
Magical Staves
 g - a staff of fire
 i - a staff of earth (weapon)
Jewellery
 k - a ring of resist corrosion
 l - a ring of wizardry (right hand)
 w - a ring of poison resistance (left hand)
 x - an amulet of guardian spirit
 K - a +6 ring of strength
Wands
 L - a wand of paralysis (12)
Scrolls
 e - 4 scrolls of identify
 f - 4 scrolls of teleportation
 r - 4 scrolls of enchant armour
 u - a scroll of fear
 B - a scroll of torment {unknown}
 D - a scroll of enchant weapon
 F - a scroll of summoning {unknown}
 G - a scroll of blinking {unknown}
 I - a scroll of poison {unknown}
 M - a scroll of revelation
Potions
 a - 3 potions of mutation {unknown}
 h - 2 potions of haste
 m - a potion of degeneration {unknown}
 n - 3 potions of lignification
 p - 4 potions of curing
 s - 2 potions of enlightenment {unknown}
 t - a potion of berserk rage {unknown}
 v - a potion of magic
 z - a potion of cancellation {unknown}
 A - 3 potions of ambrosia {unknown}
 C - a potion of heal wounds {unknown}
 E - a potion of brilliance {unknown}
 J - a potion of invisibility {unknown}


   Skills:
 + Level 4.7 Fighting
 + Level 4.6 Armour
 + Level 7.2 Dodging
 - Level 2.4 Stealth
 + Level 8.1 Spellcasting
 + Level 6.1 Conjurations
 + Level 6.9 Earth Magic


You had 12 spell levels left.
You knew the following spells:

 Your Spells              Type           Power      Damage    Failure   Level
a - Sandblast             Erth           100%       2d20      1%          1
b - Passwall              Erth           54%        N/A       1%          3
c - Stone Arrow           Conj/Erth      100%       3d13      1%          3
d - Iskenderun's Battles  Conj           34%        2d9       9%          5

Your spell library contained the following spells:

 Spells                   Type           Power      Damage    Failure   Level
 Brom's Barrelling Bould  Conj/Erth      52%        2d7       2%          4
 Jinxbite                 Hex            16%        N/A       6%          2
 Petrify                  Alch/Erth      34%        N/A       10%         4
 Bombard                  Conj/Erth      26%        9d5       38%         6
 Yara's Violent Unravell  Hex/Alch       4%         3d4       71%         5
 Enfeeble                 Hex            4%         N/A       100%        7
 Spellforged Servitor     Conj/Summ      10%        N/A       100%        7


Dungeon Overview and Level Annotations

Branches:
Dungeon (9/15)             Temple (1/1) D:6             Orc (0/2) D:9
Ossuary (visited)
   Lair: D:8-11

Altars:
Ashenzari
Cheibriados
Dithmenos
Elyvilon
Gozag
Kikubaaqudgha
Makhleb
Nemelex Xobeh
Qazlal
Sif Muna
Trog
Uskayaw
Vehumet
Wu Jian
Xom
Yredelemnul
Zin
The Shining One

Shops:
D:3 *[

Annotations:
D:8 Jeremiah


Message History

Aim: a bullfrog (82% to hit)
You feel a surge of power!
The blast of sand misses the bullfrog.
Jeremiah shouts!
An acid dragon comes into view.
The bullfrog barely misses you.
Aiming: Sandblast (safe; 1% risk of failure)
Press: ? - help, Q - select action, (/) - cycle Shift-Dir - straight line, f/p - bullfrog
Aim: a bullfrog (82% to hit)
You feel a surge of power!
The blast of sand hits the bullfrog!!
The bullfrog is almost dead.
The acid dragon roars!
The bullfrog hits you but does no damage.
The acid dragon spits acid at you. The splash of acid hits you!!
The bullfrog barely misses you.
You hear a shout!
Aiming: Sandblast (safe; 1% risk of failure)
Press: ? - help, Q - select action, (/) - cycle Shift-Dir - straight line, f/p - bullfrog
Aim: a bullfrog (almost dead, 82% to hit)
You feel a surge of power!
The blast of sand hits the bullfrog!
You kill the bullfrog!
Found a ring mail.
Aiming: Sandblast (safe; 1% risk of failure)
Press: ? - help, Q - select action, (/) - cycle Shift-Dir - straight line, f - Jeremiah
Aim: Jeremiah, wielding a +3 trident of draining, wearing a +1 robe of positive energy and wearing an orb of energy (82% to hit)
You feel a surge of power!
The blast of sand hits Jeremiah!
Jeremiah is lightly wounded.
Aiming: Sandblast (safe; 1% risk of failure)
Press: ? - help, Q - select action, (/) - cycle Shift-Dir - straight line, f/p - Jeremiah
Aim: Jeremiah, wielding a +3 trident of draining, wearing a +1 robe of positive energy and wearing an orb of energy (lightly wounded, 82% to hit)
You feel a surge of power!
The blast of sand hits the butterfly!
You kill the butterfly!
The butterfly disappears in a burst of colours!
Jeremiah shouts, "O dreadful one, destroy my foe!"
Something smites you!
* * * LOW HITPOINT WARNING * * *
The butterfly disappears in a burst of colours!
The acid dragon spits acid at you. The splash of acid hits you!!
Ouch! That really hurt!
You die...

##....###........♣♣.♣♣.o.
##..##.......#..♣..♣.♣..♣
....#.#.....#..♣♣..)..♣♣..
#.#.##...####......o...F...
#.#.###.## #..♣♣.....♣ [.
##.......#####..♣..♣.♣..♣...
.<..†......#......♣♣.♣♣...$.
..............#....D.b..%...
##.......#.#####@##..b..b..#
#..........# #....#.......##
##.....#...# #..<.#.......#
#.....##..# #...##...F....#
.....####.# #...#....b.b..#
......####..##......#......##..
..#....#..###.##..#......# #
... #........#.....P...### ....
###.###.....#..P♣P...##


You could see an acid dragon (catching breath) and an orc.

Vanquished Creatures
  Prince Ribbit (D:5)
  Sigmund (D:2)
  A steam dragon (D:9)
  Menkaure (Ossuary)
  4 water moccasins
  A black bear (D:6)
  A sky beast (D:6)
  2 ogres (D:6)
  A centaur (D:7)
  3 phantoms
  Blork the orc (D:5)
  3 bullfrogs
  A gnoll sergeant (D:9)
  4 scorpions
  A burial acolyte (D:6)
  A wight (D:8)
  A howler monkey (D:8)
  4 orc priests
  3 hounds
  Crazy Yiuf (D:2)
  3 jellies
  A sleepcap (D:5)
  4 iguanas
  5 orc wizards
  A hound zombie (D:6)
  3 mummies (Ossuary)
  Robin (D:2)
  9 gnolls
  5 adders
  2 shadow imps (D:6)
  2 white imps
  2 adder zombies (D:6)
  2 dart slugs
  20 orcs
  6 ball pythons
  6 endoplasms
  4 giant cockroaches
  8 gnoll zombies
  11 goblins
  7 hobgoblins
  7 jackals
  3 quokkas
  5 bats
  3 frilled lizards (D:1)
  6 gnoll skeletons (Ossuary)
  4 goblin skeletons (Ossuary)
  3 goblin zombies (Ossuary)
  3 hobgoblin skeletons (Ossuary)
  2 hobgoblin zombies (Ossuary)
  5 kobolds
  6 kobold skeletons (Ossuary)
  5 kobold zombies
  4 orc skeletons (Ossuary)
  4 orc zombies (Ossuary)
  2 rats (D:1)
  2 rat skeletons (Ossuary)
  7 rat zombies (Ossuary)
209 creatures vanquished.

Notes
Turn   | Place    | Note
-------+----------+-------------------------------------------
     0 | D:1      | voltaire321 the Deep Elf Earth Elementalist began the quest
                  | for the Orb.
     0 | D:1      | Reached XP level 1. HP: 10/10 MP: 6/6
    98 | D:1      | Reached XP level 2. HP: 15/15 MP: 2/8
   445 | D:1      | Reached XP level 3. HP: 20/20 MP: 8/10
   936 | D:2      | Learned a level 3 spell: Passwall
   940 | D:2      | Learned a level 3 spell: Stone Arrow
  1041 | D:2      | Reached skill level 1 in Armour
  1162 | D:2      | Reached skill level 1 in Fighting
  1162 | D:2      | Reached XP level 4. HP: 25/25 MP: 9/11
  1272 | D:2      | Noticed Robin
  1292 | D:2      | Reached skill level 4 in Spellcasting
  1297 | D:2      | Killed Robin
  1443 | D:2      | Found a runed translucent door.
  1444 | D:2      | Noticed Crazy Yiuf
  1449 | D:2      | Killed Crazy Yiuf
  1450 | D:2      | Reached XP level 5. HP: 29/29 MP: 10/13
  1628 | D:2      | Noticed Sigmund
  1631 | D:2      | Killed Sigmund
  1632 | D:2      | Reached XP level 6. HP: 31/35 MP: 11/14
  1745 | D:3      | Found Juatuhim's Armour Shop.
  1751 | D:3      | Found a hide-covered altar of Uskayaw.
  2217 | D:3      | Found a bloodstained altar of Trog.
  2477 | D:3      | Found Neuqaime's General Store.
  2487 | D:3      | Bought a scroll of identify for 26 gold pieces
  2928 | D:4      | Reached skill level 5 in Spellcasting
  2928 | D:4      | Reached XP level 7. HP: 40/40 MP: 12/16
  3619 | D:5      | Entered Level 5 of the Dungeon
  3773 | D:5      | Reached skill level 5 in Dodging
  3773 | D:5      | Reached skill level 5 in Earth Magic
  3875 | D:5      | Noticed Blork the orc
  3883 | D:5      | Killed Blork the orc
  3884 | D:5      | Reached XP level 8. HP: 45/46 MP: 13/18
  4015 | D:5      | Reached skill level 6 in Spellcasting
  4110 | D:5      | Noticed Prince Ribbit
  4121 | D:5      | Killed Prince Ribbit
  4214 | D:5      | Found a burning altar of Makhleb.
  4333 | D:6      | You fall into a shaft and drop 3 floors!
  4335 | D:9      | Found a staircase to the Orcish Mines.
  4491 | D:8      | Reached skill level 5 in Conjurations
  4601 | D:7      | Reached skill level 7 in Spellcasting
  4610 | D:7      | Reached XP level 9. HP: 52/52 MP: 17/21
  4739 | D:6      | Found a sand-covered staircase.
  4748 | Ossuary  | Entered an ossuary
  5152 | Ossuary  | Noticed Menkaure
  5156 | Ossuary  | Killed Menkaure
  5501 | D:6      | Found an ancient bone altar of Kikubaaqudgha.
  5631 | D:6      | Found a staircase to the Ecumenical Temple.
  5640 | Temple   | Entered the Ecumenical Temple
  6304 | D:7      | Reached skill level 8 in Spellcasting
  6347 | D:7      | Found a white marble altar of Elyvilon.
  6791 | D:8      | Found a radiant altar of Vehumet.
  6794 | D:8      | Noticed Jeremiah
  6814 | D:7      | Learned a level 5 spell: Iskenderun's Battlesphere
  6895 | D:8      | Killed from afar by an acid dragon

Illustrated notes

Levels and vault maps discovered:
D:1:      spicycebolla_arrival_ecumenical, layout_loops_ring
D:2:      layout_loops_ring, grunt_ministairs_7, nicolae_underground_beach,
          uniq_sigmund, uniq_crazy_yiuf_cottage, uniq_robin
D:3:      layout_loops_cross, nicolae_overflow_crystal_walls, trog_book,
          serial_shops, nicolae_shop_just_a_little_nook, nicolae_lakefront_shop,
          nicolae_kite_square_tiling_tiny, minmay_joined_circles
D:4:      layout_layer_cave
D:5:      layout_rooms, overflow_temple_1_default,
          nicolae_overflow_hidden_temple, uniq_blork_the_orc,
          uniq_prince_ribbit1
D:6:      layout_basic, regret_index_kikubaaqudgha_part_by_part,
          minmay_temple_entry_ruins, mainiacjoe_ossuary_entry_dusty_tomb,
          minivault_11, grunt_ministairs_9
D:7:      layout_loops_corners, elyvilon_altar_1
D:8:      layout_cave_pools, nzn_hepliaklqana_mist_gate,
          mainiacjoe_overflow_small_starburst, grunt_lair_entry_orc_guard_hut,
          serial_park, serial_park_tiny_2, serial_park_square3
          [serial_park_minivault_5x5_2], serial_park_square2,
          serial_park_tiny_2, wad_dig_loot, uniq_erica, uniq_jeremiah
D:9:      layout_basic, david_orc_1_choice
Temple:   hellmonk_temple_flake

Skill      XL: |  1  2  3  4  5  6  7  8  9 |
---------------+----------------------------+-----
Dodging        | 3 4 5 6 7 |  7.2
Armour         | 1 2 3 4 |  4.6
Fighting       | 1 2 3 4 |  4.7
Conjurations   | 2 3 4 5 6 |  6.1
Spellcasting   | 4 5 7 8 |  8.1
Earth Magic    | 4 5 6 |  6.9
Stealth        | |  2.4

Action                     |  1- 3 |  4- 6 |  7- 9 || total
---------------------------+-------+-------+-------++-------
  Melee: Staff             |       |     1 |       ||     1
   Cast: Sandblast         |    36 |    54 |   201 ||   291
         Stone Arrow       |       |       |     1 ||     1
    Use: Potion            |       |     1 |       ||     1
         Scroll            |       |    11 |     2 ||    13
 Armour: Robe              |     1 |    20 |     6 ||    27
         Leather armour    |       |       |    33 ||    33
  Dodge: Dodged            |     1 |    16 |    39 ||    56

Table legend: (Time is in decaauts)
 A = Elapsed time spent in this place.
 B = Non-inter-level travel time spent in this place.
 C = Inter-level travel time spent in this place.
 D = Time resting spent in this place.
 E = Time spent auto-exploring this place.
 F = Levels seen in this place.
 G = Mean time per level.
                   A        B        C        D        E       F      G
               +--------+--------+--------+--------+--------+-----+--------+
         Total |   7036 |   6866 |    170 |    546 |   4687 |  11 |  639.6 |
       Dungeon |   6500 |   6330 |    170 |    395 |   4592 |   9 |  722.2 |
        Temple |     11 |     11 |      0 |      0 |      0 |   1 |   11.0 |
       Ossuary |    524 |    524 |      0 |    151 |     95 |   1 |  524.0 |
               +--------+--------+--------+--------+--------+-----+--------+

Top non-repeatable levels by time:
     D:4: 1108 daAuts
     D:7: 1009 daAuts
     D:2: 979 daAuts
     D:3: 823 daAuts
     D:6: 789 daAuts
     D:1: 753 daAuts
     D:5: 723 daAuts
 Ossuary: 524 daAuts
     D:9: 162 daAuts
     D:8: 151 daAuts
  Temple: 11 daAuts
